Map: Newkirk Precinct TE (Void)

Players

Nerchio - Winner!

  • Race: Zerg Zerg
  • Spawn Location: 5:00

TRUE

  • Race: Zerg Zerg
  • Spawn Location: 7:00

Event: WCS Austin 2017

VOD

Have the link to the VOD?

Description

Time

  • Played on: April 30, 2017, 2:18 p.m.
  • Length: 16:10

All games in this series

Show
View Real Time Build Order
Export as new Build Order

Nerchio Zerg - Winner!

Build Orders: Pool First, Zergling Baneling 

Get SALT Encoding   

  12  0:00  Drone  
  13  0:13  Overlord  
  13  0:18  Drone  
  14  0:31  Drone x2  
  14  0:34  Drone  
  17  0:45  Spawning Pool  
  17  0:49  Drone  
  17  0:56  Drone  
  18  0:57  Extractor  
  17  1:07  Drone  
  18  1:21  Hatchery  
  17  1:31  Queen  
  19  1:33  Zergling x2  
  19  1:37  Drone  
  21  1:45  Overlord  
  21  1:53  Baneling Nest  
  20  1:57  Drone  
  20  2:00  Drone  
  22  2:12  Queen  
  24  2:19  Metabolic Boost  
  24  2:24  Zergling x2  
  24  2:26  Drone  
  26  2:32  Drone  
  26  2:33  Drone  
  28  2:38  Drone  
  28  2:40  Drone  
  28  2:43  Drone  
  31  2:47  Drone  
  32  2:56  Queen  
  34  3:02  Overlord  
  34  3:05  Drone  
  34  3:08  Drone  
  36  3:13  Overlord  
  36  3:22  Drone x2  
  36  3:23  Drone x2  
  36  3:25  Zergling x2  
  41  3:41  Hatchery, Baneling x2  
  41  3:46  Drone x2  
  41  3:47  Drone  
  43  3:50  Drone  
  43  3:55  Drone, Evolution Chamber  
  44  4:01  Queen  
  45  4:05  Zergling x4  
  45  4:06  Zergling x2  
  48  4:10  Zergling x2  
  48  4:11  Zergling x2  
  50  4:18  Baneling  
  50  4:19  Spine Crawler, Baneling x2  
  50  4:22  Zerg Melee Weapons Level 1  
  49  4:25  Overlord  
  49  4:29  Zergling x4  
  51  4:33  Zergling x4  
  51  4:37  Zergling x2  
  51  4:38  Baneling x2  
  51  4:43  Queen, Baneling x3  
  51  4:45  Zergling x4  
  55  4:49  Zergling x4  
  55  4:51  Zergling x2  
  58  5:00  Zergling x8  
  58  5:04  Baneling  
  58  5:05  Baneling x3  
  61  5:09  Zergling x6  
  64  5:17  Zergling x10  
  64  5:20  Overlord  
  65  5:22  Overlord  
  65  5:32  Overlord  
  59  5:37  Drone x7  
  59  5:42  Drone x2  
  65  5:45  Baneling x3  
  65  5:48  Queen  
  67  5:55  Drone x3  
  70  5:57  Extractor  
  70  5:58  Zergling x2  
  70  6:04  Zergling x8  
  73  6:09  Overlord  
  73  6:11  Zergling x2  
  73  6:12  Zergling x4  
  73  6:15  Drone  
  73  6:16  Drone, Extractor  
  73  6:21  Drone x2  
  72  6:25  Drone  
  72  6:28  Drone  
  72  6:30  Lair  
  72  6:35  Drone x4  
  72  6:39  Roach Warren  
  75  6:43  Drone x3  
  78  6:48  Zergling x2  
  78  6:51  Zergling x2  
  78  6:53  Queen, Zergling x2  
  83  6:58  Zergling x2  
  84  7:03  Zergling x4  
  84  7:04  Zergling x4  
  87  7:09  Extractor  
  87  7:15  Drone x3  
  83  7:22  Roach  
  88  7:23  Roach  
  88  7:25  Zerg Missile Weapons Level 1  
  88  7:26  Overlord  
  88  7:28  Evolution Chamber  
  88  7:29  Roach  
  87  7:32  Roach x3  
  87  7:33  Roach  
  87  7:34  Roach  
  87  7:36  Extractor  
  96  7:40  Overlord  
  96  7:46  Overlord  
  96  7:48  Roach  
  98  7:56  Baneling x2  
  98  7:57  Roach x3  
  98  7:58  Overlord x2  
  104  8:01  Roach x3  
  104  8:03  Glial Reconstitution  
  104  8:04  Zerg Ground Armor Level 1  
  104  8:05  Roach x2  
  114  8:06  Roach  
  114  8:07  Roach  
  114  8:09  Roach  
  119  8:15  Roach  
  121  8:20  Roach x4  
  121  8:23  Roach  
  121  8:24  Roach  
  130  8:31  Overlord, Extractor  
  130  8:32  Roach x3  
  135  8:34  Roach  
  137  8:49  Hatchery  
  136  8:56  Roach x4  
  136  8:58  Overlord  
  136  9:02  Drone, Overlord  
  145  9:04  Overlord  
  145  9:10  Overseer  
  145  9:18  Overlord  
  145  9:19  Roach x3  
  145  9:20  Infestation Pit  
  145  9:23  Roach  
  154  9:24  Roach  
  154  9:26  Roach  
  156  9:32  Overlord  
  156  9:33  Roach  
  156  9:34  Ravager  
  156  9:35  Ravager x2  
  161  9:39  Roach x2  
  161  9:41  Roach  
  161  9:43  Roach  
  169  9:50  Overlord  
  165  10:00  Extractor  
  165  10:03  Roach  
  165  10:04  Roach x6  
  165  10:06  Infestor  
  180  10:09  Infestor  
  180  10:11  Infestor  
  184  10:17  Ravager x2, Roach  
  184  10:18  Roach  
  184  10:21  Roach  
  189  10:28  Roach  
  189  10:34  Roach x4  
  189  10:35  Roach  
  176  10:43  Roach x2  
  176  10:44  Roach x2  
  176  10:47  Ravager  
  176  10:48  Ravager x2  
  183  10:50  Roach x2  
  183  10:55  Roach x2  
  189  11:04  Roach x4  
  177  11:12  Roach x3  
  174  11:18  Roach x3  
  174  11:22  Roach x2  
  174  11:24  Roach  
  156  11:26  Roach  
  156  11:28  Roach  
  156  11:32  Roach  
  150  11:38  Roach x2  
  152  11:40  Roach x2  
  152  11:43  Roach  
  152  11:45  Roach  
  156  11:47  Roach  
  156  11:49  Roach  
  156  11:52  Roach  
  148  11:56  Roach x2  
  148  12:01  Roach  
  144  12:04  Roach x2  
  144  12:06  Roach  
  137  12:10  Roach  
  137  12:11  Roach  
  137  12:14  Roach  
  135  12:16  Roach  
  135  12:18  Ravager  
  135  12:22  Roach x2  
  142  12:25  Roach  
  142  12:26  Roach  
  142  12:27  Ravager x2  
  150  12:30  Roach  
  150  12:33  Roach  
  156  12:37  Roach x2  
  156  12:40  Roach  
  155  12:47  Roach x3  
  155  12:49  Ravager x2  
  163  12:55  Roach x3  
  163  12:58  Roach  
  171  13:00  Roach  
  171  13:02  Roach  
  173  13:06  Roach x2  
  173  13:09  Roach  
  173  13:12  Roach  
  177  13:17  Roach x2  
  179  13:21  Roach  
  179  13:22  Roach  
  179  13:25  Roach  
  179  13:27  Roach  
Show
View Real Time Build Order
Export as new Build Order

TRUE Zerg 

Build Orders: Hatch First 

Get SALT Encoding   

  12  0:00  Drone  
  13  0:13  Overlord  
  13  0:18  Drone  
  14  0:31  Drone x2  
  14  0:35  Drone  
  17  0:53  Hatchery  
  17  0:55  Drone  
  17  1:02  Drone, Extractor  
  17  1:14  Spawning Pool  
  16  1:19  Drone  
  16  1:22  Drone  
  18  1:28  Drone  
  18  1:31  Evolution Chamber  
  18  1:39  Drone  
  19  1:50  Drone  
  20  2:01  Queen  
  22  2:04  Zerg Melee Weapons Level 1  
  22  2:06  Queen  
  24  2:10  Drone  
  24  2:13  Drone  
  26  2:17  Drone  
  27  2:23  Overlord  
  27  2:34  Drone  
  28  2:40  Queen, Metabolic Boost  
  28  2:43  Drone  
  31  2:46  Drone  
  31  2:49  Drone  
  34  2:51  Zergling x2  
  34  2:54  Drone  
  35  3:00  Baneling Nest  
  34  3:09  Zergling x2  
  34  3:11  Overlord  
  34  3:12  Drone  
  36  3:25  Hatchery  
  35  3:27  Drone  
  35  3:32  Drone x3  
  39  3:37  Overlord  
  39  3:39  Zergling x2  
  40  3:41  Zergling x2  
  40  3:47  Zergling x4  
  43  3:48  Zergling x2  
  43  3:54  Overlord  
  44  3:56  Baneling x2  
  44  3:57  Zergling x2  
  44  3:58  Zergling x2  
  44  3:59  Zergling x2  
  47  4:11  Zergling x8  
  47  4:14  Zerg Ground Armor Level 1  
  51  4:20  Zergling x4  
  51  4:21  Zergling x2  
  51  4:22  Zergling x4  
  51  4:24  Baneling  
  56  4:26  Zergling x2  
  56  4:35  Zergling x2  
  56  4:36  Zergling x6  
  56  4:38  Zergling x2  
  56  4:41  Baneling x2  
  56  4:43  Zergling x2  
  57  4:51  Zergling x4  
  56  4:53  Zergling x4  
  56  4:54  Zergling x2  
  56  4:58  Zergling x4  
  61  5:02  Zergling x2  
  61  5:04  Baneling x2  
  62  5:10  Zergling x4  
  64  5:16  Zergling x2  
  64  5:18  Zergling x6  
  64  5:21  Zergling x2  
  66  5:22  Zergling x2, Baneling x2  
  62  5:32  Zergling x4  
  62  5:33  Zergling x2  
  62  5:34  Zergling x2  
  65  5:37  Zergling x2  
  65  5:39  Zergling x4  
  65  5:44  Drone, Overlord  
  65  5:47  Overlord  
  63  5:50  Overlord  
  63  5:54  Overlord, Baneling x2  
  63  6:05  Drone x7  
  63  6:07  Drone  
  63  6:10  Roach Warren  
  63  6:11  Extractor  
  69  6:12  Drone  
  69  6:14  Drone  
  69  6:16  Drone x2  
  69  6:17  Drone  
  69  6:31  Queen  
  70  6:33  Drone  
  70  6:34  Drone x5  
  70  6:36  Drone  
  77  6:40  Drone x2  
  77  6:42  Drone  
  77  6:43  Drone  
  77  6:45  Drone  
  82  6:49  Overlord  
  82  6:55  Zerg Missile Weapons Level 1  
  82  7:00  Drone x5  
  87  7:04  Drone x3  
  81  7:09  Drone x2  
  81  7:13  Baneling x2  
  81  7:14  Drone x3  
  81  7:15  Drone  
  87  7:17  Drone  
  87  7:18  Drone  
  87  7:19  Drone  
  89  7:26  Roach x3  
  89  7:28  Roach  
  97  7:30  Extractor  
  97  7:36  Queen  
  96  7:37  Extractor  
  96  7:40  Overlord  
  97  7:44  Overlord  
  97  7:46  Lair  
  97  7:47  Overlord  
  97  7:48  Extractor  
  97  7:49  Overlord  
  96  7:52  Overlord  
  96  7:55  Overlord  
  96  7:58  Overlord  
  96  8:00  Roach x3  
  96  8:01  Roach  
  96  8:02  Overlord  
  96  8:03  Roach  
  108  8:05  Roach  
  108  8:10  Roach  
  109  8:16  Drone  
  110  8:26  Drone x2  
  104  8:28  Drone  
  104  8:29  Hatchery  
  104  8:37  Roach  
  104  8:38  Roach x7  
  120  8:45  Overlord  
  120  8:46  Glial Reconstitution  
  120  8:49  Overlord  
  120  8:50  Roach x4  
  120  8:51  Roach  
  130  8:56  Overlord  
  130  8:58  Overseer  
  130  8:59  Zerg Missile Weapons Level 2  
  130  9:00  Roach  
  130  9:02  Roach  
  134  9:06  Ravager x3  
  134  9:09  Ravager  
  138  9:11  Roach  
  138  9:16  Roach x2, Overlord  
  144  9:17  Roach  
  144  9:19  Roach  
  144  9:23  Roach x2  
  152  9:24  Roach  
  152  9:26  Roach  
  152  9:29  Roach  
  158  9:31  Roach  
  158  9:33  Roach x2  
  158  9:36  Roach  
  158  9:37  Overlord  
  158  9:38  Roach  
  168  9:40  Overlord  
  168  9:44  Roach x2  
  173  9:45  Zergling x4  
  173  9:48  Roach  
  173  9:52  Roach  
  179  9:53  Roach x2  
  179  9:57  Roach x2  
  179  9:59  Roach  
  187  10:03  Roach x2  
  195  10:07  Roach x2  
  195  10:09  Roach  
  195  10:10  Roach  
  199  10:18  Roach  
  199  10:24  Roach  
  195  10:31  Roach  
  195  10:32  Roach x3  
  187  10:35  Roach  
  187  10:38  Roach x2  
  187  10:40  Roach  
  187  10:42  Roach  
  171  10:44  Roach x9  
  171  10:46  Roach  
  171  10:48  Roach  
  171  10:49  Roach  
  181  10:51  Roach  
  181  10:53  Roach  
  181  10:54  Roach  
  181  10:56  Roach  
  182  11:02  Roach  
  170  11:07  Roach  
  170  11:08  Roach  
  170  11:09  Roach  
  160  11:11  Roach  
  160  11:15  Roach  
  160  11:16  Roach x2  
  151  11:19  Roach  
  151  11:20  Roach x3  
  151  11:23  Roach  
  151  11:24  Roach  
  132  11:27  Roach  
  132  11:29  Roach  
  112  11:33  Zergling x6  
  112  11:36  Zergling x2  
  112  11:37  Zergling x2  
  112  11:44  Zergling x2  
  108  11:47  Roach x2  
  94  11:54  Roach  
  94  11:58  Roach  
  94  11:59  Roach x2  
  95  12:08  Roach  
  89  12:09  Roach  
  89  12:10  Roach  
  89  12:11  Roach  
  89  12:16  Roach  
  89  12:19  Roach  
  89  12:20  Queen  
  89  12:21  Roach x2  
  101  12:28  Roach  
  98  12:30  Roach  
  98  12:31  Roach  
  98  12:35  Ravager x3  
  101  12:39  Roach  
  101  12:43  Roach  
  103  12:44  Roach  
  103  12:46  Hatchery  
  103  12:47  Roach x2  
  103  12:48  Roach x2  
  103  12:49  Roach  
  108  12:54  Roach  
  108  12:56  Roach  
  108  12:57  Roach  
  107  12:59  Roach  
  107  13:02  Roach  
  107  13:05  Roach  
  107  13:07  Roach  
  93  13:13  Roach  
  93  13:14  Roach  
  93  13:15  Roach  
  93  13:17  Roach  
  87  13:20  Roach  
  87  13:23  Roach  
Tags
 
Add a new tag
Caveats
  • Supply blocks, unpowered buildings, or Contaminate may cause inaccurate times.
  • Supply counts are checked every 10 seconds.